 Dungeon Crawl Stone Soup version 0.23-a0-767-gdc19b93d68 (webtiles) character file.

65 Kohma the Grave Robber (level 3, -1/19 HPs)
             Began as a Deep Elf Necromancer on Jan 28, 2019.
             Slain by a worm (11 damage)
             ... on level 2 of the Dungeon.
             The game lasted 00:06:12 (2147 turns).

Kohma the Grave Robber (Deep Elf Necromancer)       Turns: 2147, Time: 00:06:12

Health: -1/19      AC:  2    Str:  5    XL:     3   Next: 92%
Magic:  6/10       EV: 13    Int: 20    God:
Gold:   62         SH:  0    Dex: 15    Spells: 7/9 levels left

rFire    . . .     SeeInvis .   e - +2 dagger (venom)
rCold    . . .     Gourm    .   (no shield)
rNeg     . . .     Faith    .   a - +0 robe
rPois    .         Spirit   .   (no helmet)
rElec    .         Reflect  .   (no cloak)
rCorr    .         Harm     .   (no gloves)
MR       .....                  (no boots)
Stlth    ++........             (no amulet)
HPRegen  0.06/turn              (no ring)
MPRegen  0.12/turn              (no ring)

@: no status effects
A: no striking features
a: no special abilities


You were on level 2 of the Dungeon.
You were not hungry.

You visited 1 branch of the dungeon, and saw 2 of its levels.

You collected 62 gold pieces.

Inventory:

Hand Weapons
 e - a +2 dagger of venom (weapon)
 i - a cursed +0 spear
Missiles
 h - 47 sling bullets
 j - 21 stones (quivered)
Armour
 a - a +0 robe (worn)
Scrolls
 g - 2 scrolls of identify {unknown}
 k - a scroll of teleportation {unknown}
 m - a scroll of enchant armour {unknown}
Potions
 b - a potion of lignification {unknown}
 d - a potion of curing {unknown}
 f - a potion of agility {unknown}
 l - a potion of invisibility {unknown}
 n - a potion of berserk rage {unknown}
 p - a potion of haste {unknown}
Comestibles
 c - 5 rations
 o - a chunk of flesh


   Skills:
 + Level 3.3 Dodging
 - Level 2.4 Stealth
 + Level 3.8 Spellcasting
 * Level 5.9 Necromancy


You had 7 spell levels left.
You knew the following spells:

 Your Spells              Type           Power        Failure   Level  Hunger
a - Pain                  Necr           ####         1%          1    None
b - Animate Skeleton      Necr           N/A          1%          1    None

Your spell library contained the following spells:

 Spells                   Type           Power        Failure   Level  Hunger
 Vampiric Draining        Necr           ####......   3%          3    ###....
 Regeneration             Chrm/Necr      ###.......   12%         3    ###....
 Animate Dead             Necr           N/A          12%         4    ####...


Dungeon Overview and Level Annotations

Branches:
Dungeon (2/15)

Altars:
Gozag
Okawaru
Zin


Message History

Casting: Pain (safe; 1% risk of failure)
Confirm with . or Enter, or press ? or * to list all spells.
Aiming: Pain (safe; 1% risk of failure)
Press: ? - help, Shift-Dir - straight line, f/p - worm
Aim: a worm (moderately wounded, chance to defeat MR: 89%)
The worm barely resists.
The worm bites you but does no damage.
Casting: Pain (safe; 1% risk of failure)
Confirm with . or Enter, or press ? or * to list all spells.
Aiming: Pain (safe; 1% risk of failure)
Press: ? - help, Shift-Dir - straight line, f/p - worm
Aim: a worm (lightly wounded, chance to defeat MR: 89%)
The worm writhes in agony!
Casting: Pain (safe; 1% risk of failure)
Confirm with . or Enter, or press ? or * to list all spells.
Aiming: Pain (safe; 1% risk of failure)
Press: ? - help, Shift-Dir - straight line, f/p - worm
Aim: a worm (heavily wounded, chance to defeat MR: 89%)
The worm writhes in agony!
The worm bites you!
Ouch! That really hurt!
You die...

###....#.#
#############.## #.._.#
#..Z.Z.Z......#
##...#####.#############
#######.....#
........#####
.....<...Z.#
.........#.#######
......<#.#........
########..@w......
###........ #........
#$....... #........
#........ #........
######.=#


You could see a worm and a friendly kobold skeleton.

Vanquished Creatures
  2 adders
  A worm (D:2)
  3 dart slugs (D:1)
  3 giant cockroaches
  2 goblins (D:1)
  4 hobgoblins
  4 jackals
  5 kobolds
  6 bats
  2 frilled lizards (D:1)
  2 rats
34 creatures vanquished.

Vanquished Creatures (collateral kills)
  A giant cockroach (D:2)
1 creature vanquished.

Grand Total: 35 creatures vanquished

Notes
Turn   | Place    | Note
-------+----------+-------------------------------------------
     0 | D:1      | Kohma the Deep Elf Necromancer began the quest for the Orb.
     0 | D:1      | Reached XP level 1. HP: 10/10 MP: 6/6
     5 | D:1      | Learned a level 1 spell: Animate Skeleton
   131 | D:1      | Reached skill level 5 in Necromancy
   310 | D:1      | Reached XP level 2. HP: 10/15 MP: 4/8
  1441 | D:2      | Reached XP level 3. HP: 17/19 MP: 6/10
  1678 | D:2      | Found an iron altar of Okawaru.
  2038 | D:2      | Found a glowing silver altar of Zin.
  2039 | D:2      | Found an opulent altar of Gozag.
  2147 | D:2      | Slain by a worm

Vault maps used:
D:1:      evilmike_arrival_plus
D:2:      grunt_temple_overflow_gold_and_silver, nicolae_overflow_crystal_walls,
          first_ration, okawaru_metal_pillars_1_2

Skill      XL: |  1  2 |
---------------+-------+-----
Necromancy     | 5 |  5.9
Dodging        | 3 |  3.3
Stealth        | |  2.4
Spellcasting   | |  3.8

Action                   || total
-------------------------++-------
Melee: Dagger            ||    10
 Cast: Pain              ||    59
       Animate Skeleton  ||     5
  Eat: Chunk             ||     4
Armor: Robe              ||    11
Dodge: Dodged            ||    40

Table legend:
 A = Non-vault XP
 B = Vault XP
 C = Vault XP percentage of total XP
 D = Non-vault monster count
 E = Vault monster count
 F = Vault count percentage of total count
                 A         B        C        D         E       F
            +---------+---------+-------+---------+---------+-------
      Total |      93 |       0 |   0.0 |      35 |       0 |   0.0
            +---------+---------+-------+---------+---------+-------
        D:1 |      59 |       0 |   0.0 |      24 |       0 |   0.0
        D:2 |      34 |       0 |   0.0 |      11 |       0 |   0.0
            +---------+---------+-------+---------+---------+-------
